 Dungeon Crawl Stone Soup version 0.29.1-2-gbd0b4ee654 (webtiles) character file.

Game seed: 11670269683013587533

74 zeram the Shield-Bearer (level 4, -1/41 HPs)
             Began as a Gnoll Fighter on Nov 30, 2022.
             Slain by an orc
             ... wielding a +0 falchion
              (5 damage)
             ... on level 3 of the Dungeon.
             The game lasted 00:01:51 (1820 turns).

zeram the Shield-Bearer (Gnoll Fighter)             Turns: 1820, Time: 00:01:52

Health: -1/41      AC:  7    Str: 16    XL:     4   Next: 28%
Magic:  5/5        EV:  9    Int:  9    God:
Gold:   73         SH:  5    Dex: 11    Spells: 5/5 levels left

rFire   . . .      SeeInvis .   i - +0 whip (venom)
rCold   . . .      Faith    .   c - +0 buckler
rNeg    . . .      Spirit   .   b - +0 scale mail
rPois   .          Reflect  .   (no helmet)
rElec   .          Harm     .   (no cloak)
rCorr   .          Rampage  .   (no gloves)
Will    .....                   (no boots)
Stlth   ..........              (no amulet)
HPRegen 0.13/turn               (no ring)
MPRegen 0.09/turn               (no ring)

@: no status effects
A: fangs 1, strong nose, distributed training
a: no special abilities


You were on level 3 of the Dungeon.
You visited 1 branch of the dungeon, and saw 3 of its levels.

You collected 73 gold pieces.

Inventory:

Hand Weapons
 a - a +0 war axe
 i - a +0 whip of venom (weapon)
Armour
 b - a +0 scale mail (worn)
 c - a +0 buckler (worn)
Jewellery
 o - a ring of see invisible
Scrolls
 f - a scroll of butterflies {unknown}
 j - a scroll of identify {unknown}
 l - a scroll of fear {unknown}
 n - a scroll of magic mapping {unknown}
Potions
 d - a potion of might
 e - a potion of curing {unknown}
 g - a potion of resistance {unknown}
 h - a potion of haste {unknown}
 k - a potion of heal wounds {unknown}
 m - a potion of lignification {unknown}


   Skills:
 + Level 6.6 Fighting
 + Level 1.1 Short Blades
 + Level 1.1 Long Blades
 + Level 4.6 Axes
 + Level 1.1 Maces & Flails
 + Level 1.1 Polearms
 + Level 1.1 Staves
 + Level 1.1 Ranged Weapons
 + Level 1.1 Throwing
 + Level 6.6 Armour
 + Level 1.1 Dodging
 + Level 1.1 Stealth
 + Level 6.6 Shields
 + Level 1.1 Unarmed Combat
 + Level 1.1 Spellcasting
 + Level 0.9 Conjurations
 + Level 0.9 Hexes
 + Level 0.9 Summonings
 + Level 0.9 Necromancy
 + Level 0.9 Translocations
 + Level 0.9 Transmutations
 + Level 0.9 Fire Magic
 + Level 0.9 Ice Magic
 + Level 0.9 Air Magic
 + Level 0.9 Earth Magic
 + Level 0.9 Poison Magic
 + Level 1.2 Invocations
 + Level 1.1 Evocations


You had 5 spell levels left.
You didn't know any spells.
Your spell library was empty.

Dungeon Overview and Level Annotations

Branches:
Dungeon (3/15)

Altars:


Innate Abilities, Weirdness & Mutations

You have very sharp teeth.
Your uncanny sense of smell can sniff out nearby items.
Your experience applies equally to all skills.


Message History

You miss the adder. You bite the adder.
The adder is lightly wounded.
You block the adder's attack.
You barely miss the adder.
The adder is lightly wounded.
You block the adder's attack.
You hit the adder.
The adder is poisoned.
Your bite misses the adder.
The adder is moderately wounded.
The adder barely misses you. The adder bites you but does no damage.
You closely miss the adder.
The adder is heavily wounded.
The adder bites you but does no damage.
You completely miss the adder.
The adder is severely wounded.
The adder bites you but does no damage.
You hit the adder.
You kill the adder!
You closely miss the orc.
The orc is moderately wounded.
The orc hits you with a +0 falchion!
* * * LOW HITPOINT WARNING * * *
The orc hits you but does no damage.
You closely miss the orc.
The orc is moderately wounded.
The orc hits you with a +0 falchion.
* * * LOW HITPOINT WARNING * * *
You barely miss the orc.
The orc is moderately wounded.
The orc closely misses you.
You closely miss the orc.
The orc is moderately wounded.
The orc hits you but does no damage.
You hit the orc.
The orc is poisoned.
The orc is severely wounded.
The orc hits you with a +0 falchion.
* * * LOW HITPOINT WARNING * * *
You closely miss the orc.
The orc is severely wounded.
The orc hits you with a +0 falchion.
You die...

#####.#######. .
#...#.).........
#.##.#...#######...
#........# ###..
#####.######...
##.## #.)## #...#
##...##.#
####.#.###.........
#......@ooo8.....8.
#.#######w.........
# #..........
#..........
#......>...
#..........
#..8.....8
#........


You could see a worm and 3 orcs.

Vanquished Creatures
  An adder (D:3)
  2 dart slugs
  5 orcs (D:3)
  6 ball pythons
  An endoplasm (D:2)
  2 giant cockroaches (D:2)
  3 hobgoblins
  3 jackals (D:2)
  3 kobolds
  3 quokkas (D:2)
  4 bats
  A frilled lizard (D:2)
  8 goblins
  6 rats
48 creatures vanquished.

Vanquished Creatures (others)
  25 plants (D:2)
25 creatures vanquished.

Grand Total: 73 creatures vanquished

Notes
Turn   | Place    | Note
-------+----------+-------------------------------------------
     0 | D:1      | zeram the Gnoll Fighter began the quest for the Orb.
     0 | D:1      | Reached XP level 1. HP: 23/23 MP: 1/1
   129 | D:1      | Reached XP level 2. HP: 25/29 MP: 2/2
   207 | D:1      | You fall into a shaft and drop 1 floor!
   924 | D:2      | Reached XP level 3. HP: 35/35 MP: 3/3
  1157 | D:2      | Reached skill level 1 in Invocations
  1394 | D:2      | Reached skill level 1 in Short Blades
  1394 | D:2      | Reached skill level 1 in Long Blades
  1394 | D:2      | Reached skill level 1 in Maces & Flails
  1394 | D:2      | Reached skill level 1 in Polearms
  1394 | D:2      | Reached skill level 1 in Staves
  1394 | D:2      | Reached skill level 1 in Ranged Weapons
  1394 | D:2      | Reached skill level 1 in Throwing
  1394 | D:2      | Reached skill level 1 in Dodging
  1394 | D:2      | Reached skill level 1 in Stealth
  1394 | D:2      | Reached skill level 1 in Unarmed Combat
  1394 | D:2      | Reached skill level 1 in Spellcasting
  1394 | D:2      | Reached skill level 1 in Evocations
  1775 | D:3      | Reached XP level 4. HP: 29/41 MP: 5/5
  1820 | D:3      | Slain by an orc

Illustrated notes

Levels and vault maps discovered:
D:1:      minmay_arrival_solitary_statue, layout_basic,
          chequers_ecumenical_altar_simple_redux, hangedman_abyss_or_decor_stabs
D:2:      layout_loops_corners, serial_bayou, serial_bayou_pond_b,
          serial_bayou_crossing, serial_bayou_lagoon_b, serial_bayou_pond_d,
          minivault_27, minmay_misc_feat_rugged
D:3:      layout_loops_corners, gammafunk_ghost_necromancy, serial_shops, shop,
          st_stairs_1

Skill      XL: |  1  2  3 |
---------------+----------+-----
Invocations    | 1 |  1.2
Short Blades   | 1 |  1.1
Long Blades    | 1 |  1.1
Maces & Flails | 1 |  1.1
Polearms       | 1 |  1.1
Staves         | 1 |  1.1
Ranged Weapons | 1 |  1.1
Throwing       | 1 |  1.1
Dodging        | 1 |  1.1
Stealth        | 1 |  1.1
Unarmed Combat | 1 |  1.1
Spellcasting   | 1 |  1.1
Evocations     | 1 |  1.1
Fighting       | |  6.6
Axes           | |  4.6
Armour         | |  6.6
Shields        | |  6.6
Conjurations   | |  0.9
Hexes          | |  0.9
Summonings     | |  0.9
Necromancy     | |  0.9
Translocations | |  0.9
Transmutations | |  0.9
Fire Magic     | |  0.9
Ice Magic      | |  0.9
Air Magic      | |  0.9
Earth Magic    | |  0.9
Poison Magic   | |  0.9

Action                   |  1- 3 |  4- 6 || total
-------------------------+-------+-------++-------
Melee: War axe           |    43 |       ||    43
       Bite              |    11 |     3 ||    14
       Whip              |   101 |    25 ||   126
Armor: Scale mail        |    46 |    16 ||    62
Dodge: Dodged            |    66 |    12 ||    78
Block: Buckler           |    44 |     8 ||    52
